 Dungeon Crawl Stone Soup version 0.19.5 (webtiles) character file.

3887 Kalibur the Protected (level 10, 0/79 HPs)
             Began as a Formicid Abyssal Knight on May 12, 2017.
             Was an Elder of Lugonu.
             Succumbed to a soldier ant's poison
             ... on level 8 of the Dungeon.
             The game lasted 01:08:58 (12201 turns).

Kalibur the Protected (Formicid Abyssal Knight)    Turns: 12201, Time: 01:08:58

Health: 0/79       AC: 17    Str: 21    XL:     10   Next: 42%
Magic:  11/11      EV:  8    Int: 11    God:    Lugonu [****..]
Gold:   393        SH:  0    Dex: 10    Spells: 1 memorised, 8 levels left

rFire  + . .     SeeInvis +     x - +2 spear (vamp)
rCold  . . .     Gourm    .     c - +0 plate armour
rNeg   . . .     Faith    .     (no shield)
rPois  .         Spirit   .     (helmet unavailable)
rElec  .         Reflect  .     (no cloak)
rCorr  .         Harm     .     f - +1 pair of gloves
MR     +....                    d - +0 pair of boots
Stlth  ..........               (no amulet)
                                (no ring)
                                i - ring of protection from fire

@: lethally poisoned (0 -> -9)
A: permanent stasis, dig shafts and tunnels, four strong arms, antennae 3
a: Dig, Shaft Self, Depart the Abyss, Bend Space, Banish, Corrupt, Renounce
Religion


You were on level 8 of the Dungeon.
You worshipped Lugonu.
Lugonu was greatly pleased with you.
You were not hungry.

You visited 1 branch of the dungeon, and saw 8 of its levels.
You visited the Abyss 1 time.

You collected 393 gold pieces.

Inventory:

Hand Weapons
 a - a +1 falchion
 p - a +2 halberd of venom
 t - a +2 short sword of venom
 x - a +2 vampiric spear (weapon)
Armour
 b - a +0 leather armour
 c - a +0 plate armour (worn)
 d - a +0 pair of boots (worn)
 f - a +1 pair of gloves (worn)
 g - a +0 ring mail
Jewellery
 i - a ring of protection from fire (left hand)
Scrolls
 e - 3 scrolls of remove curse
 h - a scroll of identify
 l - 4 scrolls of random uselessness
 m - a scroll of fog
 q - a scroll of magic mapping
 r - 2 scrolls of teleportation
 s - a scroll of immolation
 y - a scroll of amnesia
Potions
 w - 2 potions of cure mutation
Books
 j - a book of Changes

   Spells                             Type                      Level
   a - Beastly Appendage              Transmutation                1
   b - Sticks to Snakes               Transmutation                2
   c - Spider Form                    Transmutation/Poison         3
   d - Ice Form                       Ice/Transmutation            4
   e - Blade Hands                    Transmutation                5
Comestibles
 k - a chunk of flesh
 n - 3 bread rations
 v - a meat ration


   Skills:
 + Level 7.4 Fighting
 + Level 6.9 Long Blades
 + Level 5.7 Polearms
 + Level 3.1 Throwing
 + Level 8.8 Armour
 + Level 3.3 Dodging
 + Level 2.1 Stealth
 + Level 2.3 Invocations


You had 8 spell levels left.
You knew the following spells:

 Your Spells              Type           Power        Failure   Level  Hunger
a - Beastly Appendage     Tmut           #.....       100%        1    ##.....


Dungeon Overview and Level Annotations

Branches:
Dungeon (8/15)             Temple (0/1) D:4
   Lair: D:8-11

Altars:
Ashenzari
Gozag
Hepliaklqana
Kikubaaqudgha
Makhleb
Ru
Xom
Zin


Innate Abilities, Weirdness & Mutations

You are under a permanent stasis effect.
You can dig through walls and to a lower floor.
Your four strong arms can wield two-handed weapons with a shield.
You have a pair of large antennae on your head. (SInv)


Message History

* * * LOW HITPOINT WARNING * * *
You feel sick. The soldier ant barely misses you.
You hit the soldier ant.
The soldier ant is almost dead.
* * * LOW HITPOINT WARNING * * *
You feel sick. The soldier ant barely misses you.
You hit the soldier ant but do no damage.
The soldier ant is almost dead.
* * * LOW HITPOINT WARNING * * *
You feel sick.
The soldier ant stings you but does no damage.
Okay, then.
Okay, then.
You hit the soldier ant but do no damage.
The soldier ant is almost dead.
* * * LOW HITPOINT WARNING * * *
You feel sick.
You barely miss the soldier ant.
The soldier ant is almost dead.
You die...

###############
#.@<..........#
#a###########.#
#.# #.#.# #.#
#.#.# #†# #.#.#
#######.# #.#[#
....(...# #.#)#
......### #.#.#
.....a #.#.#


You could see a soldier ant.

Vanquished Creatures
  Pikel (D:6)
  Joseph (D:6)
  A hornet (D:6)
  A hippogriff (D:6)
  Sigmund (D:2)
  Menkaure (D:7)
  A porcupine (D:8)
  2 orc warriors (D:6)
  2 slaves (D:6)
  3 phantoms
  The ghost of emiel the Shield-Bearer, an amateur DrFi (D:3)
  3 ogres
  A black bear (D:7)
  The ghost of miragecloak the Poker, an amateur FoAK of Lugonu (D:6)
  7 bullfrogs
  A gnoll sergeant (D:6)
  A howler monkey (D:6)
  3 crimson imps
  A bullfrog zombie (D:5)
  A bullfrog skeleton (D:6)
  A jelly (D:3)
  3 hounds
  4 orc priests
  An iguana (D:7)
  6 orc wizards
  4 worker ants
  A hound skeleton (D:4)
  A worker ant zombie (D:7)
  A howler monkey zombie (D:6)
  6 adders
  11 gnolls
  A howler monkey skeleton (D:8)
  An ooze (D:2)
  2 adder zombies (D:6)
  2 worms
  A dart slug (D:3)
  6 leopard geckos
  15 orcs
  4 bats
  8 giant cockroaches
  12 goblins
  9 hobgoblins
  11 jackals
  7 quokkas
  3 ball pythons
  12 frilled lizards
  8 kobolds
  A leopard gecko zombie (D:5)
  A quokka skeleton (D:6)
  4 rats
  A withered plant (D:6)
182 creatures vanquished.

Vanquished Creatures (others)
  A slave (D:7)
  A quokka (D:6)
  3 fungi (D:8)
  9 plants (D:8)
14 creatures vanquished.

Grand Total: 196 creatures vanquished

Notes
Turn   | Place    | Note
-------+----------+-------------------------------------------
     0 | Abyss:1  | Kalibur the Formicid Abyssal Knight began the quest for the Orb.
     0 | Abyss:1  | Reached XP level 1. HP: 18/18 MP: 2/2
   160 | Abyss:1  | Noticed a spatial maelstrom
   162 | Abyss:1  | Noticed a spatial vortex
   162 | D:1      | Escaped the Abyss
   333 | D:1      | Reached XP level 2. HP: 24/24 MP: 3/3
   392 | D:1      | Reached * piety under Lugonu
   513 | D:1      | Reached skill level 1 in Dodging
   531 | D:1      | Reached XP level 3. HP: 16/29 MP: 4/4
  1117 | D:2      | Noticed Sigmund
  1646 | D:2      | Reached XP level 4. HP: 31/37 MP: 5/5
  1809 | D:2      | Reached ** piety under Lugonu
  1858 | D:2      | You fall through a shaft!
  1957 | D:3      | Noticed emiel's ghost (amateur DrFi)
  1969 | D:3      | You fall through a shaft for 2 floors!
  1969 | D:5      | Entered Level 5 of the Dungeon
  2297 | D:4      | Noticed a phantom
  2402 | D:4      | Killed a phantom
  2402 | D:4      | Reached skill level 3 in Armour
  2402 | D:4      | Reached XP level 5. HP: 31/43 MP: 6/6
  2492 | D:4      | Reached skill level 1 in Stealth
  2766 | D:4      | Reached skill level 1 in Throwing
  2766 | D:4      | Reached XP level 6. HP: 44/49 MP: 7/7
  3032 | D:4      | Found a hazy altar of Hepliaklqana.
  3032 | D:4      | Found a burning altar of Makhleb.
  3034 | D:4      | Found a shimmering altar of Xom.
  3146 | D:4      | Found a staircase to the Ecumenical Temple.
  3521 | D:4      | Learned a level 1 spell: Beastly Appendage
  3938 | D:3      | Found a faded altar of an unknown god.
  4123 | D:3      | Killed emiel's ghost
  4123 | D:3      | Reached skill level 4 in Armour
  4123 | D:3      | Reached XP level 7. HP: 25/55 MP: 8/8
  4660 | D:3      | Found a shattered altar of Ashenzari.
  4660 | D:3      | Found an opulent altar of Gozag.
  4955 | D:2      | Killed Sigmund
  5402 | D:5      | Reached skill level 5 in Armour
  5619 | D:5      | Reached skill level 5 in Fighting
  5619 | D:5      | Reached skill level 5 in Long Blades
  5729 | D:5      | Reached XP level 8. HP: 46/62 MP: 9/9
  6326 | D:5      | Reached *** piety under Lugonu
  7001 | D:6      | Noticed miragecloak's ghost (amateur FoAK)
  7020 | D:6      | Killed miragecloak's ghost
  7357 | D:6      | Found a glowing silver altar of Zin.
  7554 | D:6      | Reached skill level 6 in Armour
  7658 | D:6      | Reached XP level 9. HP: 28/69 MP: 10/10
  8169 | D:6      | Found an ancient bone altar of Kikubaaqudgha.
  8414 | D:6      | Reached skill level 1 in Polearms
  9017 | D:7      | Noticed Menkaure
  9018 | D:7      | Noticed Pikel
  9018 | D:7      | Noticed a hornet
  9037 | D:7      | Noticed a hippogriff
  9322 | D:6      | Killed a hippogriff
  9651 | D:6      | Killed a hornet
  9651 | D:6      | Reached skill level 7 in Armour
  9855 | D:6      | Killed Pikel
 10113 | D:7      | Killed Menkaure
 10304 | D:7      | Reached XP level 10. HP: 77/77 MP: 11/11
 10444 | D:7      | Noticed Joseph
 10766 | D:6      | Killed Joseph
 10766 | D:6      | Reached skill level 5 in Polearms
 10766 | D:6      | Reached skill level 8 in Armour
 10924 | D:6      | You fall through a shaft!
 11490 | D:7      | You fall through a shaft!
 11683 | D:8      | Reached **** piety under Lugonu
 11695 | D:8      | Found a sacrificial altar of Ru.
 12197 | D:8      | HP: 3/79 [poisoned by a soldier ant]
 12200 | D:8      | HP: 1/79 [poisoned by a soldier ant]
 12201 | D:8      | Succumbed to a soldier ant's poison

Skill      XL: |  1  2  3  4  5  6  7  8  9 10 |
---------------+-------------------------------+-----
Dodging        | 1 2 3 |  3.3
Fighting       | 4 5 6 7 |  7.4
Long Blades    | 3 4 5 6 |  6.9
Armour         | 3 4 5 6 7 8 |  8.8
Stealth        | 1 2 |  2.1
Throwing       | 1 2 3 |  3.1
Polearms       | 4 5 |  5.7
Invocations    | |  2.3

Action                   |  1- 3 |  4- 6 |  7- 9 | 10-12 || total
-------------------------+-------+-------+-------+-------++-------
Melee: Falchion          |    87 |   161 |   247 |       ||   495
       Spear             |       |       |   174 |   288 ||   462
       Halberd           |       |       |    32 |       ||    32
Throw: Javelin           |     6 |    10 |    40 |    19 ||    75
       Throwing net      |       |     8 |       |       ||     8
Invok: Depart the Abyss  |     1 |       |       |       ||     1
       Bend Space        |       |     1 |       |       ||     1
 Abil: Shaft Self        |       |     2 |       |     2 ||     4
  Use: Scroll            |     6 |     1 |     8 |     1 ||    16
       Potion            |       |       |     7 |     1 ||     8
  Eat: Bread ration      |     1 |       |     4 |       ||     5
       Pizza             |     1 |       |       |       ||     1
       Chunk             |       |     4 |     5 |     3 ||    12
       Beef jerky        |       |     1 |       |       ||     1
       Meat ration       |       |       |     1 |       ||     1
       Fruit             |       |       |       |     1 ||     1
Armor: Leather armour    |    14 |     5 |       |       ||    19
       Scale mail        |    38 |       |       |       ||    38
       Ring mail         |       |    33 |    85 |       ||   118
       Plate armour      |       |       |   177 |   144 ||   321
Dodge: Dodged            |    78 |    88 |   229 |    80 ||   475
       Rpst.: Falchion   |    24 |    24 |    47 |       ||    95
